 Dungeon Crawl Stone Soup version 0.25-a0-578-gc91f01c39c (webtiles) character file.

Game seed: 2269483387094101924, levelgen mode: deterministic

982 Emblim88 the Skirmisher (level 7, -2/78 HPs)
             Began as a Troll Monk on Mar 4, 2020.
             Was a Priest of Makhleb.
             Slain by an orc warrior
             ... wielding a +0 battleaxe
              (8 damage)
             ... on level 6 of the Dungeon.
             The game lasted 00:05:55 (4012 turns).

Emblim88 the Skirmisher (Troll Monk)                Turns: 4012, Time: 00:05:55

Health: -2/78      AC:  8    Str: 22    XL:     7   Next: 96%
Magic:  8/8        EV: 10    Int:  6    God:    Makhleb [***...]
Gold:   196        SH:  0    Dex: 12    Spells: 6/6 levels left

rFire    + + .     SeeInvis .     - Unarmed
rCold    x . .     Gourm    +   (no shield)
rNeg     . . .     Faith    .   a - +0 robe
rPois    .         Spirit   .   (helmet restricted)
rElec    .         Reflect  .   i - +1 cloak
rCorr    .         Harm     .   (gloves unavailable)
MR       .....                  (boots unavailable)
Stlth    ++........             (no amulet)
HPRegen  0.63/turn              d - ring of protection from fire
MPRegen  0.11/turn              w - ring of fire

@: no status effects
A: large, unfitting armour, claws 3, fast metabolism 3, gourmand, regeneration
1, shaggy fur 1, tough skin 3
a: Minor Destruction, Lesser Servant of Makhleb, Renounce Religion


You were on level 6 of the Dungeon.
You worshipped Makhleb.
Makhleb was most pleased with you.
You were full.

You visited 1 branch of the dungeon, and saw 6 of its levels.

You collected 196 gold pieces.

Inventory:

Missiles
 j - 12 poisoned darts (quivered)
 l - 72 stones
 y - 3 boomerangs
 z - 5 javelins
Armour
 a - a +0 robe (worn)
 i - a +1 cloak (worn)
Jewellery
 d - a ring of protection from fire (left claw)
 q - an uncursed ring of fire
 w - a ring of fire (right claw)
Wands
 r - a wand of paralysis (14)
Scrolls
 c - 3 scrolls of blinking
 e - 2 scrolls of teleportation
 f - a scroll of enchant weapon
 s - a scroll of fog
 u - a scroll of fear
 v - a scroll of noise
Potions
 g - 3 potions of lignification {unknown}
 k - 3 potions of haste {unknown}
 m - 2 potions of ambrosia {unknown}
 o - a potion of mutation {unknown}
 p - a potion of brilliance {unknown}
 x - a potion of might {unknown}
Comestibles
 b - 9 rations


   Skills:
 * Level 7.4 Fighting
 - Level 2.4 Dodging
 - Level 1.0 Stealth
 - Level 3.0 Unarmed Combat
 + Level 3.1 Invocations


You had 6 spell levels left.
You didn't know any spells.
Your spell library was empty.

Dungeon Overview and Level Annotations

Branches:
Dungeon (6/15)             Temple (0/1) D:5

Altars:
Cheibriados
Elyvilon
Gozag
Hepliaklqana
Makhleb
Nemelex Xobeh
Okawaru
Uskayaw
Xom


Innate Abilities, Weirdness & Mutations

You are too large for most types of armour.
You have claws for hands.
Your metabolism is lightning-fast.
You like to eat raw meat.
Your natural rate of healing is unusually fast.
You are covered in fur. (AC +1)
You have extremely tough skin. (AC +3)


Message History

You feel better.
You closely miss the orc warrior. The orc barely misses you.
You closely miss the orc warrior.
The orc warrior hits you with a +0 battleaxe!
The orc hits you but does no damage.
You scratch the orc warrior but do no damage.
The orc warrior hits you with a +0 battleaxe!!
* * * LOW HITPOINT WARNING * * *
The orc hits you from afar with a +0 trident.
* * * LOW HITPOINT WARNING * * *
You scratch the orc warrior.
The orc warrior is lightly wounded.
The orc hits you but does no damage. The orc warrior closely misses you.
You claw the orc warrior!
The orc warrior is heavily wounded.
The orc hits you from afar with a +0 trident.
* * * LOW HITPOINT WARNING * * *
There is a stone staircase leading up here.
The orc warrior hits you with a +0 battleaxe!
You die...

..## .#...#
..)?###....
### ..........
....
#.......♣.....
#...Z........
###[o...#
##.h#...#+
#.o(#...#
#@=##$..# ####
....# ###.# .#
#


You could see an orc warrior, a hound and an orc.

Vanquished Creatures
  A sky beast (D:5)
  An ice beast (D:5)
  An ogre (D:4)
  A bullfrog (D:6)
  A howler monkey (D:5)
  A crimson imp (D:2)
  2 jellies
  A hound (D:5)
  2 centaur skeletons (D:5)
  2 orc wizards
  3 bullfrog skeletons
  Ijyb (D:5)
  2 iguanas (D:4)
  2 worker ants (D:5)
  5 adders
  An adder skeleton (D:4)
  4 worms
  2 dart slugs
  2 leopard geckos
  12 orcs
  12 bats
  4 giant cockroaches
  11 goblins
  12 hobgoblins
  9 jackals
  2 quokkas (D:3)
  2 ball pythons
  3 frilled lizards
  4 kobolds
  A leopard gecko skeleton (D:3)
  A quokka skeleton (D:4)
  6 rats
114 creatures vanquished.

Notes
Turn   | Place    | Note
-------+----------+-------------------------------------------
     0 | D:1      | Emblim88 the Troll Monk began the quest for the Orb.
     0 | D:1      | Reached XP level 1. HP: 22/22 MP: 0/0
    76 | D:1      | Reached XP level 2. HP: 29/29 MP: 1/1
    78 | D:1      | Reached skill level 3 in Fighting
   441 | D:1      | Reached XP level 3. HP: 37/37 MP: 2/2
   821 | D:2      | Found a burning altar of Makhleb.
   825 | D:2      | Reached skill level 4 in Fighting
   825 | D:2      | Reached XP level 4. HP: 43/48 MP: 3/3
   827 | D:2      | Became a worshipper of Makhleb the Destroyer
   827 | D:2      | Reached * piety under Makhleb
   827 | D:2      | Reached ** piety under Makhleb
   998 | D:2      | Found an iron altar of Okawaru.
  1044 | D:2      | Found a white marble altar of Elyvilon.
  1390 | D:3      | Found a snail-covered altar of Cheibriados.
  1392 | D:3      | Found an opulent altar of Gozag.
  1555 | D:3      | Reached XP level 5. HP: 55/55 MP: 4/4
  1717 | D:3      | Reached skill level 5 in Fighting
  1898 | D:3      | Found a hide-covered altar of Uskayaw.
  2098 | D:3      | Found a shimmering altar of Xom.
  2325 | D:4      | Noticed an ogre
  2331 | D:4      | Killed an ogre
  2331 | D:4      | Reached XP level 6. HP: 67/67 MP: 5/5
  2396 | D:4      | Found a snail-covered altar of Cheibriados.
  2475 | D:4      | Found a hazy altar of Hepliaklqana.
  2778 | D:4      | Reached skill level 6 in Fighting
  3013 | D:5      | Entered Level 5 of the Dungeon
  3025 | D:5      | Reached *** piety under Makhleb
  3025 | D:5      | Reached skill level 1 in Invocations
  3178 | D:5      | Found a staircase to the Ecumenical Temple.
  3323 | D:5      | Noticed Ijyb
  3331 | D:5      | Paralysed by Ijyb for 6 turns
  3338 | D:5      | Killed Ijyb
  3415 | D:5      | Reached XP level 7. HP: 76/76 MP: 7/7
  3534 | D:5      | Found a sparkling altar of Nemelex Xobeh.
  3632 | D:5      | Reached skill level 7 in Fighting
  4012 | D:6      | Slain by an orc warrior

Levels and vault maps discovered:
D:1:      lightli_arrival_flooded_house, layout_loops_cross
D:2:      layout_rooms, makhleb_grotto_becter, okawaru_gym_becter,
          lemuel_crystal_altar, first_ration
D:3:      layout_basic, marbit_many_paths, grunt_temple_overflow_open,
          grunt_ministairs_12, serial_bayou_pond_c, tgw_xom
D:4:      layout_loops_corners, lemuel_crystal_altar, kennysheep_slug_shrine
D:5:      layout_loops_corners, kennysheep_little_box,
          minmay_temple_entry_nine_rooms, uniq_ijyb
D:6:      layout_basic, overflow_temple_1_default, tgw_fedhas, kennysheep_mini,
          grunt_ministairs_6

Skill      XL: |  1  2  3  4  5  6  7 |
---------------+----------------------+-----
Fighting       | 3 4 5 6 7 |  7.4
Invocations    | 1 3 |  3.1
Dodging        | |  2.4
Stealth        | |  1.0
Unarmed Combat | |  3.0

Action                   |  1- 3 |  4- 6 |  7- 9 || total
-------------------------+-------+-------+-------++-------
Melee: Unarmed           |    75 |   209 |    51 ||   335
       Punch             |     2 |     3 |     1 ||     6
Invok: Minor Destruction |       |     2 |       ||     2
  Use: Scroll            |       |       |    10 ||    10
 Stab: Sleeping          |     3 |     1 |       ||     4
  Eat: Chunk             |    12 |    21 |     5 ||    38
Armor: Robe              |    28 |    94 |    16 ||   138
Dodge: Dodged            |    26 |   130 |    34 ||   190

Table legend:
 A = Non-vault XP
 B = Vault XP
 C = Vault XP percentage of total XP
 D = Non-vault monster count
 E = Vault monster count
 F = Vault count percentage of total count
                 A         B        C        D         E       F
            +---------+---------+-------+---------+---------+-------
      Total |    1248 |     156 |  11.1 |     100 |      14 |  12.3
            +---------+---------+-------+---------+---------+-------
        D:1 |      56 |       0 |   0.0 |      32 |       0 |   0.0
        D:2 |      19 |      48 |  71.6 |       7 |       1 |  12.5
        D:3 |     123 |      30 |  19.6 |      30 |       9 |  23.1
        D:4 |     281 |       4 |   1.4 |      11 |       1 |   8.3
        D:5 |     673 |      36 |   5.1 |      19 |       1 |   5.0
        D:6 |      96 |      38 |  28.4 |       1 |       2 |  66.7
            +---------+---------+-------+---------+---------+-------
